 Dungeon Crawl Stone Soup version 0.28-a0-1429-gf3d713df7a (webtiles) character file.

Game seed: 5376059679292362123

114 HallandMoats the Skirmisher (level 4, -5/40 HPs)
             Began as a Ghoul Fighter on Jan 9, 2022.
             Was a Believer of Wu Jian.
             Slain by Duvessa (7 damage)
             ... on level 4 of the Dungeon.
             The game lasted 00:02:12 (2428 turns).

HallandMoats the Skirmisher (Ghoul Fighter)         Turns: 2428, Time: 00:02:12

Health: -5/40      AC:  6    Str: 19    XL:     4   Next: 98%
Magic:  3/3        EV:  9    Int:  5    God:    Wu Jian [**....]
Gold:   156        SH:  4    Dex:  8    Spells: 3/3 levels left

rFire   . . .      SeeInvis .   a - +0 war axe
rCold   + . .      Faith    .   c - +0 buckler
rNeg    + + +      Spirit   .   b - +0 scale mail
rPois   ∞          Reflect  .   (no helmet)
rElec   .          Harm     .   (no cloak)
rCorr   .          Rampage  .   (no gloves)
Will    .....                   (no boots)
Stlth   ..........              (no amulet)
HPRegen 0.00/turn               (no ring)
MPRegen 0.08/turn               (no ring)

@: mighty, inhibited regen
A: claws 1, cold resistance 1, negative energy resistance 3, inhibited
regeneration, torment resistance 2
a: Renounce Religion, Wall Jump


You were on level 4 of the Dungeon.
You worshipped Wu Jian.
Wu Jian was pleased with you.
You visited 1 branch of the dungeon, and saw 4 of its levels.

You collected 156 gold pieces.

Inventory:

Hand Weapons
 a - a +0 war axe (weapon)
Armour
 b - a +0 scale mail (worn)
 c - a +0 buckler (worn)
Jewellery
 j - a ring of resist corrosion
Scrolls
 e - a scroll of immolation {unknown}
 f - a scroll of magic mapping {unknown}
 k - a scroll of fog {unknown}
 l - a scroll of enchant weapon {unknown}
 n - a scroll of identify {unknown}
Potions
 d - a potion of might
 g - a potion of invisibility {unknown}
 h - a potion of resistance {unknown}
 i - a potion of heal wounds {unknown}
 m - a potion of degeneration {unknown}
 o - a potion of cancellation {unknown}


   Skills:
 + Level 3.8 Fighting
 + Level 2.4 Axes
 + Level 3.1 Armour
 + Level 1.3 Dodging
 * Level 3.6 Shields


You had 3 spell levels left.
You didn't know any spells.
Your spell library was empty.

Dungeon Overview and Level Annotations

Branches:
Dungeon (4/15)
 Temple: D:4-7

Altars:
Wu Jian

Annotations:
D:4 Dowan, Duvessa


Innate Abilities, Weirdness & Mutations

You thrive by killing the living.
You are immune to poison.
You have sharp fingernails.
Your flesh is cold resistant. (rC+)
You are immune to negative energy. (rN+++)
You do not regenerate when monsters are visible.
You are immune to unholy pain and torment.


Message History

Duvessa is moderately wounded.
You hit the gnoll. You slash the endoplasm!
You kill the endoplasm!
The Council accepts your kill. Duvessa hits you with a +0 short sword!
The gnoll barely misses you.
You hit Duvessa but do no damage.
Duvessa is moderately wounded.
You barely miss the gnoll. You closely miss the kobold.
You completely miss Dowan. Duvessa hits you with a +0 short sword!
The gnoll barely misses you. Dowan hits you with a +0 dagger.
The kobold hits you but does no damage. Duvessa hits you but does no damage.
The gnoll misses you. Dowan hits you with a +0 dagger.
* * * LOW HITPOINT WARNING * * *
The kobold hits you with a +0 dagger.
* * * LOW HITPOINT WARNING * * *
You slash Duvessa!
Duvessa is heavily wounded.
You closely miss Dowan. You barely miss the kobold. You barely miss the gnoll.
Duvessa hits you but does no damage. The gnoll barely misses you.
Dowan hits you with a +0 dagger.
* * * LOW HITPOINT WARNING * * *
The kobold hits you but does no damage.
You barely miss Duvessa.
Duvessa is heavily wounded.
You hit Dowan. You closely miss the kobold. You slash the gnoll!
You kill the gnoll!
The Council accepts your kill. Duvessa barely misses you.
Dowan hits you but does no damage. You block the kobold's attack.
The gnoll hits you from afar with a +0 spear.
* * * LOW HITPOINT WARNING * * *
Duvessa barely misses you.
Dowan mumbles some strange words.
Dowan blinks!
You closely miss Duvessa.
Duvessa is heavily wounded.
You barely miss the kobold. The kobold hits you with a +0 dagger.
* * * LOW HITPOINT WARNING * * *
The gnoll barely misses you. Duvessa hits you with a +0 short sword!
You die...

.. ##. ##..
#.?. # #..#
#.#..#
#...e# #)@#
#....K...#
#...g....#
##.g.....#
.........#
.e.######..
... ... ..
....


You could see Duvessa, Dowan, 2 gnolls and a kobold.

Vanquished Creatures
  2 adders (D:2)
  3 gnolls
  3 dart slugs
  7 ball pythons
  5 endoplasms
  A giant cockroach (D:2)
  12 goblins
  5 hobgoblins
  4 jackals (D:1)
  3 quokkas
  3 bats
  3 frilled lizards
  5 kobolds
  3 rats
59 creatures vanquished.

Vanquished Creatures (others)
  5 demonic plants (D:2)
  2 fungi (D:2)
  25 plants (D:2)
  4 withered plants (D:2)
36 creatures vanquished.

Grand Total: 95 creatures vanquished

Notes
Turn   | Place    | Note
-------+----------+-------------------------------------------
     0 | D:1      | HallandMoats the Ghoul Fighter began the quest for the Orb.
     0 | D:1      | Reached XP level 1. HP: 19/19 MP: 0/0
   110 | D:1      | Reached XP level 2. HP: 26/26 MP: 1/1
   434 | D:1      | Reached XP level 3. HP: 31/31 MP: 2/2
   955 | D:2      | Reached skill level 1 in Dodging
  1074 | D:2      | Found a faded altar of an unknown god.
  1227 | D:2      | Reached XP level 4. HP: 39/39 MP: 3/3
  1253 | D:2      | Prayed at the altar of an unknown god.
  1253 | D:2      | Became a worshipper of the Wu Jian Council
  1253 | D:2      | Reached * piety under Wu Jian
  2082 | D:3      | Reached ** piety under Wu Jian
  2259 | D:4      | Noticed Duvessa
  2259 | D:4      | Noticed Dowan
  2428 | D:4      | HP: 2/40 [kobold (3)]
  2428 | D:4      | Slain by Duvessa

Illustrated notes

Levels and vault maps discovered:
D:1:      lemuel_arrival_room, layout_basic, fountainhead
D:2:      layout_rooms, shapermc_ecumenical_altar_gd, serial_bayou_lagoon_b
D:3:      layout_loops_ring, serial_rivers, chequers_serial_rivers_large_b,
          chequers_serial_rivers_large_a, chequers_serial_rivers_micro_b,
          chequers_serial_rivers_micro_c
D:4:      layout_basic, enter_ossuary_4, hangedman_abyss_or_decor_slice,
          uniq_ijyb, uniq_menkaure, uniq_duvessa

Skill      XL: |  1  2  3 |
---------------+----------+-----
Shields        | 3 |  3.6
Axes           | 2 |  2.4
Armour         | 3 |  3.1
Dodging        | 1 |  1.3
Fighting       | |  3.8

Action                   |  1- 3 |  4- 6 || total
-------------------------+-------+-------++-------
Melee: War axe           |   101 |    69 ||   170
Invok: Lunge             |       |     6 ||     6
  Use: Potion            |       |     1 ||     1
Armor: Scale mail        |    52 |    40 ||    92
Dodge: Dodged            |    60 |    35 ||    95
Block: Buckler           |    30 |    17 ||    47

Table legend: (Time is in decaauts)
 A = Elapsed time spent in this place.
 B = Non-inter-level travel time spent in this place.
 C = Inter-level travel time spent in this place.
 D = Time resting spent in this place.
 E = Time spent auto-exploring this place.
 F = Levels seen in this place.
 G = Mean time per level.
                   A        B        C        D        E       F      G
               +--------+--------+--------+--------+--------+-----+--------+
         Total |   2571 |   2477 |     94 |    145 |   1918 |   4 |  642.8 |
       Dungeon |   2571 |   2477 |     94 |    145 |   1918 |   4 |  642.8 |
               +--------+--------+--------+--------+--------+-----+--------+

Top non-repeatable levels by time:
     D:1: 876 daAuts
     D:2: 846 daAuts
     D:3: 838 daAuts
     D:4: 10 daAuts
